 Dungeon Crawl Stone Soup version 0.29.1-12-g30fa7ad0bf (webtiles) character file.

Game seed: 7869749255854460926

91 retardedninja the Chopper (level 4, -3/40 HPs)
             Began as a Hill Orc Fighter on Dec 19, 2022.
             Slain by Pargi (4 damage)
             ... on level 3 of the Dungeon.
             The game lasted 00:02:45 (1838 turns).

retardedninja the Chopper (Hill Orc Fighter)        Turns: 1838, Time: 00:02:45

Health: -3/40      AC:  9    Str: 17 (18) XL:     4   Next: 59%
Magic:  4/4        EV:  6    Int:  6 (8)  God:
Gold:   116        SH:  4    Dex:  7 (10) Spells: 3/3 levels left

rFire   . . .      SeeInvis .   a - +0 war axe
rCold   . . .      Faith    .   c - +0 buckler
rNeg    . . .      Spirit   .   f - +0 chain mail
rPois   .          Reflect  .   (no helmet)
rElec   .          Harm     .   e - scarf {+Inv}
rCorr   .          Rampage  .   (no gloves)
Will    .....                   (no boots)
Stlth   ..........              (no amulet)
HPRegen 0.13/turn               (no ring)
MPRegen 0.09/turn               (no ring)

@: mighty
A: weak 1
a: Evoke Invisibility


You were on level 3 of the Dungeon.
You visited 1 branch of the dungeon, and saw 3 of its levels.

You collected 116 gold pieces.

Inventory:

Hand Weapons
 a - a +0 war axe (weapon)
Armour
 b - a +0 scale mail
 c - a +0 buckler (worn)
 e - a scarf of invisibility (worn)
 f - a +0 chain mail (worn)
Jewellery
 n - a +4 ring of evasion
Wands
 o - a wand of paralysis (9)
Scrolls
 i - a scroll of torment {unknown}
 j - 2 scrolls of identify {unknown}
 k - 3 scrolls of magic mapping {unknown}
Potions
 g - 3 potions of mutation
 h - a potion of heal wounds {unknown}


   Skills:
 + Level 4.2 Fighting
 + Level 4.6 Axes
 + Level 3.9 Armour
 + Level 3.7 Shields


You had 3 spell levels left.
You didn't know any spells.
Your spell library contained the following spells:

 Spells                   Type           Power      Damage    Failure   Level
 Freeze                   Ice            0%         1d3       100%        1
 Ensorcelled Hibernation  Hex/Ice        0%         N/A       100%        2
 Passwall                 Tmut/Erth      0%         N/A       100%        2
 Frozen Ramparts          Ice            0%         1d1       100%        3
 Gell's Gravitas          Tloc           0%         N/A       100%        3
 Spider Form              Tmut/Pois      0%         N/A       100%        3
 Swiftness                Air            0%         N/A       100%        3
 Teleport Other           Tloc           0%         N/A       100%        3
 Anguish                  Hex/Necr       0%         N/A       100%        4
 Hailstorm                Conj/Ice       0%         3d3       100%        4
 Dispersal                Tloc           0%         N/A       100%        6


Dungeon Overview and Level Annotations

Branches:
Dungeon (3/15)

Altars:

Annotations:
D:3 Pargi


Innate Abilities, Weirdness & Mutations

You are weak. (Str -2)


Message History

Pargi is heavily wounded.
Pargi bites you but does no damage. Pargi barely misses you.
Pargi closely misses you. You block Pargi's attack.
Pargi claws you but does no damage. Pargi completely misses you.
It was a potion of mutation.
You feel extremely strange.
You feel weaker. Pargi bites you.
* * * LOW HITPOINT WARNING * * *
Pargi claws you but does no damage. Pargi barely misses you.
It was a potion of curing.
You feel better. Pargi bites you. Pargi barely misses you. x2
Okay, then.
You barely miss Pargi.
Pargi is moderately wounded.
Pargi bites you.
* * * LOW HITPOINT WARNING * * *
Pargi claws you.
* * * LOW HITPOINT WARNING * * *
Pargi claws you but does no damage.
You feel very mighty all of a sudden.
Pargi barely misses you. x2; Pargi claws you but does no damage.
You slice Pargi!!
Pargi is almost dead.
Pargi barely misses you. You block Pargi's attack. Pargi claws you.
* * * LOW HITPOINT WARNING * * *
You closely miss Pargi.
Pargi is severely wounded.
You block Pargi's attack. Pargi claws you but does no damage.
Pargi barely misses you. Pargi bites you.
* * * LOW HITPOINT WARNING * * *
Pargi claws you but does no damage. x2
You barely miss Pargi.
Pargi is severely wounded.
Pargi barely misses you. You block Pargi's attack. Pargi claws you.
* * * LOW HITPOINT WARNING * * *
It was a potion of degeneration.
There was something very wrong with that liquid.
You feel weakened.
You feel dopey.
You feel clumsy. Pargi bites you.
You die...

#.#
###.#....<..#
.# #.#
###.######.## .
# #.#
#.......##+# ..
#.# #.#.....#
... #.#
#.#.....# ....
###.# #
##....####.#...
....#
##.........#
#####
#......!..#
#...@T....#
#.........#
#.........#
#.........#
#.........#
...#####.##
.... .# ..... #


You could see Pargi.

Vanquished Creatures
  Ijyb (D:2)
  A gnoll (D:1)
  4 dart slugs (D:1)
  4 ball pythons
  6 endoplasms
  2 giant cockroaches (D:1)
  6 goblins
  6 hobgoblins
  A kobold (D:1)
  2 quokkas (D:2)
  6 bats
  2 frilled lizards (D:2)
  5 rats
46 creatures vanquished.

Vanquished Creatures (others)
  A plant (D:2)
1 creature vanquished.

Grand Total: 47 creatures vanquished

Notes
Turn   | Place    | Note
-------+----------+-------------------------------------------
     0 | D:1      | retardedninja the Hill Orc Fighter began the quest for the
                  | Orb.
     0 | D:1      | Reached XP level 1. HP: 19/19 MP: 1/1
    54 | D:1      | You fall into a shaft and drop 1 floor!
   174 | D:1      | Reached XP level 2. HP: 22/27 MP: 2/2
   489 | D:1      | Reached XP level 3. HP: 30/33 MP: 3/3
  1217 | D:2      | Reached XP level 4. HP: 40/40 MP: 4/4
  1633 | D:3      | Noticed Ijyb
  1671 | D:3      | Paralysed by Ijyb for 5 turns
  1683 | D:2      | Killed Ijyb
  1813 | D:3      | Noticed Pargi
  1831 | D:3      | Gained mutation: You are weak. (Str -2) [potion of
                  | mutation]
  1837 | D:3      | HP: 1/40 [Pargi (3)]
  1838 | D:3      | Slain by Pargi

Illustrated notes

Levels and vault maps discovered:
D:1:      dpeg_arrival_orchard, layout_rooms, chequers_serial_rivers_small_b
D:2:      layout_basic, corexii_shack, minmay_randomly_rotated_circles
D:3:      layout_basic, amcnicky_altar_gilded, serial_rivers,
          chequers_serial_rivers_micro_d, chequers_serial_rivers_large_a,
          chequers_serial_rivers_micro_a, chequers_serial_rivers_small_b,
          supply_closet_lemuel, uniq_pargi, uniq_robin, uniq_ijyb, uniq_terence

Skill      XL: |  1  2  3 |
---------------+----------+-----
Axes           | 3 4 |  4.6
Fighting       | 4 |  4.2
Armour         | |  3.9
Shields        | |  3.7

Action                   |  1- 3 |  4- 6 || total
-------------------------+-------+-------++-------
Melee: War axe           |    88 |    54 ||   142
  Use: Potion            |       |     5 ||     5
Armor: Chain mail        |    62 |    62 ||   124
Dodge: Dodged            |    30 |    40 ||    70
Block: Buckler           |    14 |    19 ||    33
